 Dungeon Crawl Stone Soup version 0.30-a0-956-gcec3b41aec (webtiles) character file.

Game seed: 18437697289553289915

426 HoaS the Skirmisher (level 7, -1/50 HPs)
             Began as a Formicid Hunter on Mar 29, 2023.
             Slain by a water moccasin (7 damage)
             ... on level 4 of the Dungeon.
             The game lasted 00:08:37 (3369 turns).

HoaS the Skirmisher (Formicid Hunter)               Turns: 3369, Time: 00:08:38

Health: -1/50      AC:  4    Str: 15    XL:     7   Next: 18%
Magic:  7/7        EV: 12    Int:  9    God:
Gold:   194        SH:  0    Dex: 19    Spells: 6/6 levels left

rFire   + . .      SeeInvis +    a - +1 shortbow
rCold   . . .      Faith    .    (no shield)
rNeg    . . .      Spirit   .    c - +0 leather armour
rPois   .          Reflect  .    (helmet unavailable)
rElec   .          Rampage  .    (no cloak)
rCorr   .                        (no gloves)
Will    .....                    m - +0 pair of boots
Stlth   ++                       (no amulet)
HPRegen 0.28/turn                e - ring of protection from fire
MPRegen 0.10/turn                (no ring)

@: no status effects
A: permanent stasis, dig shafts and tunnels, antennae 3, four strong arms
a: Dig, Shaft Self


You were on level 4 of the Dungeon.
You visited 1 branch of the dungeon, and saw 5 of its levels.

You collected 194 gold pieces.

Inventory:

Hand Weapons
 a - a +1 shortbow (weapon)
Armour
 c - a +0 leather armour (worn)
 d - a +0 scale mail
 j - a +0 chain mail
 m - a +0 pair of boots (worn)
Jewellery
 e - a ring of protection from fire (left hand)
Scrolls
 b - 2 scrolls of immolation
 l - a scroll of fog {unknown}
 o - a scroll of poison {unknown}
Potions
 f - a potion of ambrosia
 h - a potion of magic {unknown}
 i - 2 potions of haste
 k - 3 potions of curing


   Skills:
 - Level 2.1 Fighting
 + Level 8.1 Ranged Weapons
 - Level 1.7 Dodging
 - Level 1.2 Stealth


You had 6 spell levels left.
You didn't know any spells.
Your spell library contained the following spells:

 Spells                   Type           Power      Damage    Failure   Level
 Beastly Appendage        Tmut           0%         N/A       45%         1
 Freeze                   Ice            0%         1d3       45%         1
 Wereblood                Tmut           0%         N/A       58%         2
 Frozen Ramparts          Ice            0%         1d1       83%         3
 Hailstorm                Conj/Ice       0%         3d3       83%         3
 Spider Form              Tmut/Pois      0%         N/A       83%         3


Dungeon Overview and Level Annotations

Branches:
Dungeon (5/15)
 Temple: D:4-7

Altars:
Kikubaaqudgha
Yredelemnul

Shops:
D:4 *

Annotations:
D:3 3 runed translucent doors, 2 transporters, Menkaure; t4s4d4r's ghost, amateur HuFi


Innate Abilities, Weirdness & Mutations

You cannot be hasted, slowed, berserked, paralysed or teleported.
You can dig through walls and to a lower floor.
You have a pair of large antennae on your head. (SInv)
Your four strong arms can wield two-handed weapons with a shield.


Message History

The arrow closely misses the water moccasin.
The water moccasin bites you but does no damage. x2
You shoot an arrow.
The arrow closely misses the water moccasin.
The water moccasin bites you.
You shoot an arrow. The arrow hits the water moccasin.
The water moccasin is heavily wounded.
The water moccasin bites you.
You are poisoned.
The water moccasin poisons you! The water moccasin barely misses you.
You shoot an arrow.
The arrow barely misses the water moccasin.
You feel very sick. The water moccasin closely misses you.
You shoot an arrow. The arrow hits the water moccasin.
The water moccasin is heavily wounded.
You feel sick.
The water moccasin completely misses you.
The water moccasin misses you.
You shoot an arrow. The arrow hits the water moccasin!
The water moccasin is almost dead.
You feel sick.
The water moccasin bites you but does no damage.
You shoot an arrow. The arrow misses the water moccasin.
You feel sick. The water moccasin closely misses you.
The water moccasin barely misses you.
You shoot an arrow.
The arrow barely misses the water moccasin.
You feel sick. The water moccasin closely misses you.
You shoot an arrow.
The arrow barely misses the water moccasin.
You feel sick. The water moccasin bites you.
* * * LOW HITPOINT WARNING * * *
The water moccasin bites you.
* * * LOW HITPOINT WARNING * * *
You shoot an arrow. The arrow hits the water moccasin.
The water moccasin is almost dead.
You feel sick.
You are no longer poisoned.
The water moccasin bites you!
You die...

...................).)).....)....
.#.................?##..#.#......
...#######...#....#.##....#......
.### #...####.#.##.......#### .#
#...# #.#.##..#.#### .# #...#
#.#.......# ##
###...####.......### ###
########....)..#######.## #####..
.............>.S@..# #.####.....#
.###..##..#.#..###.###......#####
.###..#...............#######
.##.......###..##..#..#
.##................#..#
.##...###.#.#......#..##
..........#.##.#####...#
.....######.##.......#<# ###..#
#.##########.#


You could see a water moccasin.

Vanquished Creatures
  A howler monkey (D:4)
  A hound (D:4)
  An orc priest (D:3)
  A jelly (D:4)
  Terence (D:2)
  An iguana (D:4)
  3 orc wizards
  4 adders
  3 worms
  2 dart slugs
  7 orcs
  10 ball pythons
  10 bats
  7 endoplasms
  5 giant cockroaches
  5 goblins
  13 hobgoblins
  7 jackals
  8 kobolds
  7 quokkas
  6 frilled lizards
  10 rats
113 creatures vanquished.

Vanquished Creatures (collateral kills)
  A dart slug (D:2)
  A hobgoblin (D:2)
  A bat (D:2)
  A rat (D:2)
4 creatures vanquished.

Grand Total: 117 creatures vanquished

Notes
Turn   | Place    | Note
-------+----------+-------------------------------------------
     0 | D:1      | HoaS the Formicid Hunter began the quest for the Orb.
     0 | D:1      | Reached XP level 1. HP: 16/16 MP: 1/1
   130 | D:1      | Reached XP level 2. HP: 22/22 MP: 2/2
   352 | D:1      | Reached XP level 3. HP: 27/27 MP: 3/3
   525 | D:1      | Reached skill level 5 in Ranged Weapons
   819 | D:2      | Noticed Terence
   839 | D:2      | Killed Terence
   840 | D:2      | Reached XP level 4. HP: 19/33 MP: 4/4
  1029 | D:2      | Identified the +1 dagger "Unked" {pain, SInv}
  1397 | D:3      | Reached XP level 5. HP: 34/38 MP: 5/5
  1424 | D:3      | Noticed t4s4d4r's ghost (amateur HuFi)
  1433 | D:3      | Found a runed translucent gate.
  1433 | D:3      | Found a runed translucent gate.
  1434 | D:3      | Found a runed translucent gate.
  1507 | D:3      | Reached skill level 6 in Ranged Weapons
  1560 | D:3      | Found a transporter.
  1570 | D:3      | Noticed a phantom
  1833 | D:3      | Reached XP level 6. HP: 43/44 MP: 6/6
  1834 | D:3      | Found a transporter.
  1850 | D:3      | Reached skill level 7 in Ranged Weapons
  1851 | D:3      | Found an ancient bone altar of Kikubaaqudgha.
  1854 | D:3      | Noticed Menkaure
  1861 | D:3      | Found a basalt altar of Yredelemnul.
  2651 | D:4      | Reached XP level 7. HP: 29/50 MP: 7/7
  2790 | D:4      | Found Fohyrgh's General Store.
  3256 | D:5      | Entered Level 5 of the Dungeon
  3340 | D:5      | Noticed a water moccasin
  3356 | D:4      | Reached skill level 8 in Ranged Weapons
  3369 | D:4      | Slain by a water moccasin

Illustrated notes

Levels and vault maps discovered:
D:1:      zaba_arrival_water, layout_basic
D:2:      minmay_wonky_spiral, layout_basic, uniq_terence
D:3:      layout_basic, gammafunk_temple_of_torment, gammafunk_ghost_split,
          minmay_misc_feat_rows, nrook_mini_backslash, roderic_roman_lattice,
          minmay_vboxes
D:4:      layout_loops_cross, serial_shops, shop
D:5:      layout_rooms, minmay_temple_entry_mist, uniq_grinder

Skill      XL: |  1  2  3  4  5  6  7 |
---------------+----------------------+-----
Ranged Weapons | 5 6 7 8 |  8.1
Fighting       | |  2.1
Dodging        | |  1.7
Stealth        | |  1.2

Action                     |  1- 3 |  4- 6 |  7- 9 || total
---------------------------+-------+-------+-------++-------
   Fire: Shortbow          |    80 |   199 |    33 ||   312
Ability: Dig               |     2 |       |       ||     2
    Use: Scroll            |     3 |     3 |     2 ||     8
 Armour: Leather armour    |    10 |    15 |     9 ||    34
  Dodge: Dodged            |    18 |    56 |    20 ||    94

Table legend: (Time is in decaauts)
 A = Elapsed time spent in this place.
 B = Non-inter-level travel time spent in this place.
 C = Inter-level travel time spent in this place.
 D = Time resting spent in this place.
 E = Time spent auto-exploring this place.
 F = Levels seen in this place.
 G = Mean time per level.
                   A        B        C        D        E       F      G
               +--------+--------+--------+--------+--------+-----+--------+
         Total |   3445 |   3271 |    174 |    212 |   2321 |   5 |  689.0 |
       Dungeon |   3445 |   3271 |    174 |    212 |   2321 |   5 |  689.0 |
               +--------+--------+--------+--------+--------+-----+--------+

Top non-repeatable levels by time:
     D:4: 1017 daAuts
     D:3: 988 daAuts
     D:1: 813 daAuts
     D:2: 614 daAuts
     D:5: 11 daAuts
